 Dungeon Crawl Stone Soup version 0.30.1-3-gfc49f6343a (webtiles) character file.

Game seed: 5435289408149619825

10310 PhantomBowie the Fighter (level 11, -4/72 HPs)
             Began as a Gargoyle Berserker on May 19, 2023.
             Was a High Priest of Trog.
             Slain by an ogre mage
             ... wielding a +0 spear
              (6 damage)
             ... on level 10 of the Dungeon on Aug 4, 2023.
             The game lasted 00:38:45 (9697 turns).

PhantomBowie the Fighter (Gargoyle Berserker)       Turns: 9697, Time: 00:38:45

Health: -4/72      AC: 37    Str: 26    XL:     11   Next: 60%
Magic:  11/11      EV:  9    Int:  9    God:    Trog [*****.]
Gold:   437        SH:  0    Dex:  9    Spells: 10/10 levels left

rFire   . . .        a - +0 dire flail (protect)
rCold   . . .        (shield currently unavailable)
rNeg    + + .        h - +1 plate armour of Ijaitim {Int+2}
rPois   ∞            M - +2 helmet
rElec   +            A - +2 cloak
rCorr   .            (no gloves)
SInv    .            (no boots)
Will    .....        s - amulet of the acrobat Stlth
                     w - ring of positive energy
HPRegen 0.32/turn    (no ring)
MPRegen 0.12/turn

%: acrobat
@: under a protective aura, on berserk cooldown, slowed, very slow
A: sickness immunity, AC +8, negative energy resistance 1, electricity
resistance, torment resistance 1, petrification resistance
a: Renounce Religion, Berserk, Trog's Hand, Brothers in Arms


You were on level 10 of the Dungeon.
You worshipped Trog.
Trog was extremely pleased with you.
You visited 2 branches of the dungeon, and saw 11 of its levels.
You also visited: Ossuary.

You collected 470 gold pieces.
You spent 33 gold pieces at shops.

Inventory:

Hand Weapons
 a - a +0 dire flail of protection (weapon)
 H - a +2 flail of protection
Missiles
 i - 4 javelins (quivered)
 I - 16 poisoned darts
Armour
 h - the +1 plate armour of Ijaitim (worn) {Int+2}
   (You found it on level 6 of the Dungeon)

   Int:       It affects your intelligence (+2).
 q - a scarf of repulsion
 A - a +2 cloak (worn)
 M - a +2 helmet (worn)
Jewellery
 s - an amulet of the acrobat (around neck)
 w - a ring of positive energy (left hand)
 K - an amulet of regeneration
Wands
 v - a wand of flame (19)
 B - a wand of digging (3)
Scrolls
 b - 3 scrolls of fear
 c - a scroll of acquirement {unknown}
 e - a scroll of vulnerability {unknown}
 j - 7 scrolls of teleportation
 k - 2 scrolls of fog
 l - 2 scrolls of amnesia {unknown}
 r - 2 scrolls of summoning
 t - 8 scrolls of enchant weapon
 y - a scroll of magic mapping {unknown}
 z - 2 scrolls of noise {unknown}
 D - a scroll of poison {unknown}
 E - 4 scrolls of blinking
 F - a scroll of immolation {unknown}
Potions
 d - 4 potions of attraction
 f - 5 potions of heal wounds
 g - 5 potions of degeneration
 m - 4 potions of lignification
 n - 5 potions of curing
 o - a potion of brilliance {unknown}
 p - a potion of mutation {unknown}
 u - a potion of flight {unknown}
 x - 2 potions of cancellation {unknown}
 C - 2 potions of haste {unknown}
 G - a potion of magic {unknown}
 J - a potion of resistance {unknown}


   Skills:
 + Level 10.0 Fighting
 + Level 9.2 Maces & Flails
 + Level 9.7 Armour
 + Level 7.4 Dodging
 + Level 4.8 Evocations


You had 10 spell levels left.
You didn't know any spells.
Your spell library was empty.

Dungeon Overview and Level Annotations

Branches:
Dungeon (10/15)            Temple (1/1) D:4            Lair (0/5) D:8
Ossuary (visited)
    Orc: D:9-12

Altars:
Ashenzari
Cheibriados
Dithmenos
Fedhas
Gozag
Hepliaklqana
Kikubaaqudgha
Makhleb
Nemelex Xobeh
Okawaru
Qazlal
Ru
Sif Muna
Trog
Uskayaw
Vehumet
Wu Jian
Xom
Yredelemnul
Zin
The Shining One

Shops:
D:2 ?   D:3 (   D:4 *   D:5 *


Innate Abilities, Weirdness & Mutations

You are immune to sickness and miasma.
Your stone body is resilient. (AC +8)
You are immune to poison.
You resist negative energy. (rN+)
You are resistant to electric shocks. (rElec)
You are resistant to unholy torment.
You are immune to petrification.


Message History

You kill the troll!
Trog accepts your kill. The basilisk barely misses you.
Your Fighting skill increases to level 10!
You puncture the basilisk!
The basilisk is moderately wounded.
You completely miss the basilisk.
The basilisk is moderately wounded.
The basilisk misses you.
An ogre mage comes into view. It is wielding a +0 spear.
You sock the basilisk!
The basilisk is severely wounded.
The basilisk bites you but does no damage.
You bludgeon the basilisk!!
You kill the basilisk!
Trog accepts your kill.
The ogre mage mumbles some strange words.
The ogre mage flickers and vanishes!
Deactivating autopickup; reactivate with Ctrl-A.
Things that are here:
a +0 giant club; a +0 giant club; a two-headed ogre corpse You feel a strong urge to attack something.
Something misses you.
Things that are here:
a +0 hand axe; a +0 ring mail You thump something!
You barely miss something. Something hits you but does no damage.
You thump something! You bludgeon something!! You completely miss something.
You are no longer berserk.
You are exhausted.
You feel yourself slow down. Something hits you.
* * * LOW HITPOINT WARNING * * *
You closely miss something. Something hits you but does no damage.
You barely miss something. You hit something. Something hits you!
* * * LOW HITPOINT WARNING * * *
You barely miss something. Something hits you.
You die...

#...........#......#
+.....))....#.#.#..#
#.....).....#...#..#
#...#####)..######)##
#.. # #...........#
#. #. #...........# #
#.. #......|....#
#...#'#######...#
#.8.{@).....#...#
#......8....#...#
..'...$.......#...#
###..}$=..#####...#
.....!...+ ...#
...8......#
...(....8.#
#######...#


There were no monsters in sight!

Vanquished Creatures
  2 two-headed ogres (D:10)
  3 death yaks (D:8)
  An ugly thing (D:9)
  2 trolls
  A hornet (D:10)
  A shadow (D:9)
  A wraith (Ossuary)
  2 wyverns
  A basilisk (shapeshifter) (D:10)
  2 steam dragons
  3 sky beasts
  3 water moccasins
  2 orc warriors
  2 ice beasts (D:6)
  2 black bears
  4 ogres
  3 centaurs
  A phantom (D:5)
  3 kobold brigands
  3 bullfrogs
  4 elf zombies (D:5)
  2 elf skeletons (D:5)
  3 scorpions
  A gnoll sergeant (D:8)
  17 wights
  6 killer bees (D:9)
  2 howler monkeys (D:9)
  7 hounds
  2 jellies
  A human zombie (D:5)
  8 orc priests
  3 sleepcaps
  2 human skeletons (D:5)
  5 iguanas
  Natasha (thrice) (D:3)
  7 orc wizards
  A hell rat (D:8)
  3 mummies (Ossuary)
  11 gnolls
  5 adders
  2 dart slugs
  24 orcs
  4 endoplasms
  2 giant cockroaches
  7 hobgoblins
  3 jackals (D:2)
  5 quokkas
  7 ball pythons
  7 bats
  6 frilled lizards
  3 goblins
  4 goblin zombies (Ossuary)
  7 hobgoblin zombies (Ossuary)
  23 kobolds
  A kobold zombie (Ossuary)
  An orc skeleton (D:5)
  An orc zombie (D:5)
  8 rats
250 creatures vanquished.

Notes
Turn   | Place    | Note
-------+----------+-------------------------------------------
     0 | D:1      | PhantomBowie the Gargoyle Berserker began the quest for the
                  | Orb.
     0 | D:1      | Reached XP level 1. HP: 14/14 MP: 1/1
   160 | D:1      | Reached XP level 2. HP: 19/19 MP: 2/2
   651 | D:2      | Reached XP level 3. HP: 22/23 MP: 3/3
   753 | D:2      | Found Tytwo's Magic Scroll Shop.
   802 | D:2      | Reached ** piety under Trog
  1367 | D:3      | Reached XP level 4. HP: 26/29 MP: 4/4
  1390 | D:3      | Noticed Natasha
  1397 | D:3      | Killed Natasha
  1407 | D:2      | Reached skill level 4 in Fighting
  1503 | D:3      | Reached XP level 5. HP: 16/33 MP: 5/5
  1620 | D:3      | Noticed Natasha
  1633 | D:3      | Killed Natasha
  1802 | D:3      | Found Yfremn's Weapon Shoppe.
  1838 | D:3      | Noticed Natasha
  1844 | D:3      | Killed Natasha
  2062 | D:4      | Reached XP level 6. HP: 35/39 MP: 6/6
  2127 | D:4      | HP: 1/39 [ogre/+0 giant club (7)]
  2424 | D:4      | Reached *** piety under Trog
  2552 | D:4      | Found a staircase to the Ecumenical Temple.
  2578 | D:4      | Reached skill level 5 in Fighting
  2578 | D:4      | Reached XP level 7. HP: 26/44 MP: 7/7
  2663 | Temple   | Entered the Ecumenical Temple
  3087 | D:4      | Found Guhuic's General Store.
  3110 | D:4      | Bought a scroll of teleportation for 33 gold pieces
  3225 | D:5      | Entered Level 5 of the Dungeon
  3298 | D:5      | Reached skill level 5 in Maces & Flails
  3486 | D:5      | Found Ocekhlem's Overcharged Wands.
  3635 | D:5      | Reached skill level 5 in Armour
  3676 | D:5      | Reached XP level 8. HP: 51/51 MP: 8/8
  3688 | D:5      | Found a sand-covered staircase.
  3717 | Ossuary  | Entered an ossuary
  3717 | Ossuary  | Noticed a wraith
  3717 | Ossuary  | Noticed a wraith
  3717 | Ossuary  | Noticed a wraith
  3851 | Ossuary  | Reached skill level 6 in Fighting
  3869 | Ossuary  | Noticed a wraith
  3882 | Ossuary  | Killed a wraith
  4434 | D:5      | Reached **** piety under Trog
  4981 | D:6      | Reached XP level 9. HP: 54/56 MP: 9/9
  4997 | D:6      | Reached skill level 7 in Fighting
  4997 | D:6      | Reached skill level 5 in Dodging
  5118 | D:6      | Found a broken altar of Ashenzari.
  5151 | D:6      | Found a stormy altar of Qazlal.
  5193 | D:6      | Identified the +1 plate armour of Ijaitim {Int+2}
  5943 | D:7      | Reached skill level 8 in Fighting
  5998 | D:7      | Noticed a troll
  6016 | D:7      | Killed a troll
  6017 | D:7      | Reached skill level 1 in Evocations
  6017 | D:7      | Reached XP level 10. HP: 54/64 MP: 10/10
  6645 | D:7      | Found a glowing silver altar of Zin.
  6670 | D:7      | Found a shadowy altar of Dithmenos.
  6767 | D:7      | Upgraded the game from 0.30.0-15-g856e2d3f33 to
                  | 0.30.0-16-gbe6223bb7e
  6887 | D:8      | Found a sparkling altar of Nemelex Xobeh.
  6887 | D:8      | Found a hazy altar of Hepliaklqana.
  6956 | D:8      | Noticed a death yak
  6959 | D:8      | Noticed a death yak
  6960 | D:8      | Noticed a death yak
  6969 | D:8      | Killed a death yak
  7080 | D:8      | Reached ***** piety under Trog
  7189 | D:8      | Found a snail-covered altar of Cheibriados.
  7259 | D:8      | Reached skill level 9 in Fighting
  7420 | D:8      | Found a staircase to the Lair.
  7461 | D:8      | Killed a death yak
  7473 | D:8      | Killed a death yak
  7474 | D:8      | Reached XP level 11. HP: 29/71 MP: 11/11
  8134 | D:9      | Found a basalt altar of Yredelemnul.
  8444 | D:9      | Upgraded the game from 0.30.0-16-gbe6223bb7e to
                  | 0.30.1-1-g62c8e00024
  8444 | D:9      | Upgraded the game from 0.30.1-1-g62c8e00024 to
                  | 0.30.1-3-gfc49f6343a
  9059 | D:9      | Noticed a white ugly thing
  9074 | D:9      | Killed a white ugly thing
  9442 | D:10     | Entered Level 10 of the Dungeon
  9456 | D:10     | Found an opulent altar of Gozag.
  9609 | D:10     | Noticed a two-headed ogre
  9620 | D:10     | Killed a two-headed ogre
  9653 | D:10     | Noticed a two-headed ogre
  9668 | D:10     | Killed a two-headed ogre
  9683 | D:10     | Reached skill level 10 in Fighting
  9684 | D:10     | Noticed an ogre mage
  9696 | D:10     | HP: 2/72 [something (7)]
  9697 | D:10     | Slain by an ogre mage

Illustrated notes

Levels and vault maps discovered:
D:1:      wander_arrival_estate, layout_loops_ring
D:2:      layout_rooms, serial_shops, shop, serial_bayou_crossing
D:3:      layout_rooms, serial_shops, shop, uniq_natasha
D:4:      layout_basic, minmay_temple_entry_slanted, serial_shops,
          nicolae_square_shop, dk_noncrumbling_2, solitary_fountain,
          minmay_misc_feat_doors, corexii_shack, kennysheep_big_empty_room,
          minivault_14
D:5:      layout_cave_pods, nicolae_ossuary_entry_catacombs,
          nicolae_shop_overcharged_wands
D:6:      layout_gridville, lemuel_doored_altar, mainiacjoe_overflow_alcove_2
D:7:      layout_cave_pools, mainiacjoe_overflow_paths, zin_statuary,
          minmay_increasing_density
D:8:      layout_loops_cross, nicolae_overflow_crystal_walls,
          chequers_temple_overflow_statue_of_worship, dpeg_lair_monsters,
          st_stairs_1
D:9:      layout_basic, pf_just_have_faith, nicolae_wwwww
D:10:     kennysheep_blocky_room, layout_loops_ring, elyvilon_altar_3,
          mainiacjoe_overflow_cross_hatched
Temple:   nicolae_temple_x_marks_the_god

Skill      XL: |  1  2  3  4  5  6  7  8  9 10 11 |
---------------+----------------------------------+-----
Dodging        | 2 3 4 5 6 7 |  7.4
Armour         | 3 4 5 6 7 9 |  9.7
Fighting       | 4 5 6 8 9 10 | 10.0
Maces & Flails | 4 5 6 7 8 9 |  9.2
Evocations     | 1 3 4 |  4.8

Action                     |  1- 3 |  4- 6 |  7- 9 | 10-12 || total
---------------------------+-------+-------+-------+-------++-------
  Melee: Mace              |   128 |     8 |       |       ||   136
         Flail             |       |   139 |   335 |       ||   474
         Punch             |       |     1 |     6 |       ||     7
         Dire flail        |       |       |   117 |   526 ||   643
 Invoke: Berserk           |       |       |     2 |     2 ||     4
  Evoke: Wand              |       |       |       |     9 ||     9
    Use: Scroll            |       |       |     7 |     3 ||    10
   Stab: Sleeping          |     1 |       |       |       ||     1
 Armour: Animal skin       |    52 |       |       |       ||    52
         Leather armour    |    10 |     3 |       |       ||    13
         Chain mail        |       |    99 |   172 |       ||   271
         Plate armour      |       |       |   136 |   374 ||   510
  Dodge: Dodged            |    81 |    78 |   216 |   302 ||   677
